General information
- name: BNet
- type: Ladder team game (AT/RT)
- host: Battle.net
- saver: Blahsmack
map: SilverpineForest
- players: 6
- length: 209:05
- speed: Fast
- version: 1.21 W3XP
- replay type: Public
» download(615 KB)
Players
team 1 (winner)
Blahsmack (
blue | 40 APM | 8267 actions | 209:05)
10 Blood Mage
3 Flame Strike
3 Siphon Mana
1 Summon Phoenix
3 Banish
» actions
| Assign group hotkey | 18 | |
| Basic commands | 356 | |
| Build / train | 232 | |
| Enter build submenu | 70 | |
| Enter hero's abilities submenu | 9 | |
| Give item / drop item | 10 | |
| Remove unit from queue | 5 | |
| Right click | 4699 | |
| Select / deselect | 1877 | |
| Select group hotkey | 61 | |
| Use ability | 930 | |
8267 total
» units
| Peasant | 15 | |
| Goblin Zeppelin | 2 | |
| Goblin Shredder | 2 | |
| Sorceress | 2 | |
| Dragonhawk Rider | 32 | |
| Mortar Team | 5 | |
58 total
» upgrades
| Masonry | 3 | |
| Lumber Harvesting | 2 | |
| Magic Sentry | 1 | |
| Swords | 3 | |
| Armor | 3 | |
| Animal War Training | 1 | |
| Sorceress Training | 2 | |
| Cloud | 1 | |
| Fragmentation Shards | 1 | |
| Flare | 1 | |
| Gunpowder | 3 | |
| Plating | 3 | |
24 total
» buildings
| Altar of Kings | 1 | |
| Farm | 16 | |
| Scout Tower | 124 | |
| Lumber Mill | 5 | |
| Arcane Vault | 3 | |
| Guard Tower | 60 | |
| Keep | 2 | |
| Barracks | 1 | |
| Town Hall | 2 | |
| Blacksmith | 2 | |
| Castle | 3 | |
| Arcane Sanctum | 1 | |
| Gryphon Aviary | 3 | |
| Arcane Tower | 3 | |
| Workshop | 1 | |
| Cannon Tower | 4 | |
231 total
» build order
00:15 Altar of Kings
00:24 Farm
00:41 Scout Tower
00:42 Scout Tower
00:42 Scout Tower
00:50 Lumber Mill
01:27 Farm
02:10 Arcane Vault
02:17 Guard Tower
02:17 Guard Tower
02:35 Guard Tower
02:44 Guard Tower
03:17 Scout Tower
03:18 Scout Tower
03:19 Scout Tower
03:43 Keep
03:48 Guard Tower
04:12 Guard Tower
04:39 Guard Tower
04:46 Barracks
05:36 Town Hall
05:47 Scout Tower
05:48 Scout Tower
05:49 Scout Tower
05:57 Scout Tower
05:58 Scout Tower
05:59 Scout Tower
06:09 Blacksmith
06:34 Guard Tower
06:45 Castle
06:56 Lumber Mill
06:59 Arcane Sanctum
07:02 Gryphon Aviary
07:26 Guard Tower
07:41 Guard Tower
07:45 Scout Tower
07:46 Scout Tower
07:47 Scout Tower
07:49 Scout Tower
07:50 Scout Tower
07:50 Scout Tower
07:52 Scout Tower
08:37 Guard Tower
08:52 Castle
11:45 Guard Tower
12:17 Scout Tower
12:18 Scout Tower
12:20 Scout Tower
12:20 Scout Tower
12:21 Scout Tower
12:24 Scout Tower
12:25 Scout Tower
12:26 Scout Tower
12:30 Farm
12:30 Farm
12:31 Farm
12:32 Farm
12:33 Farm
12:33 Farm
13:05 Guard Tower
13:05 Guard Tower
13:28 Guard Tower
13:28 Guard Tower
13:44 Guard Tower
13:45 Guard Tower
15:13 Gryphon Aviary
15:29 Scout Tower
15:29 Scout Tower
15:30 Scout Tower
15:32 Scout Tower
15:34 Scout Tower
15:36 Scout Tower
15:37 Scout Tower
15:38 Scout Tower
15:39 Scout Tower
15:40 Scout Tower
15:42 Scout Tower
15:43 Scout Tower
16:40 Guard Tower
18:01 Guard Tower
20:34 Guard Tower
21:17 Guard Tower
22:00 Town Hall
22:16 Lumber Mill
23:22 Lumber Mill
23:36 Keep
26:11 Lumber Mill
26:17 Gryphon Aviary
27:10 Castle
27:20 Farm
27:21 Farm
27:22 Farm
27:23 Farm
27:34 Scout Tower
27:34 Scout Tower
27:35 Scout Tower
27:36 Scout Tower
27:36 Scout Tower
27:37 Scout Tower
27:38 Scout Tower
27:38 Scout Tower
27:40 Scout Tower
27:50 Scout Tower
28:21 Guard Tower
28:24 Scout Tower
28:26 Scout Tower
28:30 Guard Tower
28:37 Scout Tower
28:39 Scout Tower
28:40 Scout Tower
28:56 Guard Tower
28:58 Guard Tower
29:00 Scout Tower
29:02 Scout Tower
29:15 Arcane Vault
29:18 Arcane Vault
29:38 Guard Tower
29:57 Guard Tower
30:09 Scout Tower
30:11 Scout Tower
30:12 Scout Tower
30:13 Scout Tower
30:14 Scout Tower
30:20 Scout Tower
30:21 Scout Tower
30:23 Scout Tower
30:26 Guard Tower
30:31 Guard Tower
30:56 Guard Tower
30:59 Scout Tower
31:00 Scout Tower
31:50 Guard Tower
31:57 Scout Tower
32:00 Scout Tower
32:02 Scout Tower
32:03 Scout Tower
32:04 Scout Tower
32:05 Scout Tower
32:05 Scout Tower
32:15 Guard Tower
32:22 Guard Tower
32:26 Scout Tower
32:28 Scout Tower
32:29 Scout Tower
32:31 Scout Tower
32:31 Scout Tower
32:32 Scout Tower
32:33 Scout Tower
32:33 Scout Tower
32:34 Scout Tower
32:35 Scout Tower
32:35 Scout Tower
32:37 Scout Tower
32:37 Scout Tower
32:38 Scout Tower
32:40 Scout Tower
32:45 Guard Tower
33:14 Guard Tower
33:23 Guard Tower
33:44 Scout Tower
33:44 Scout Tower
33:48 Guard Tower
33:52 Scout Tower
33:59 Scout Tower
34:01 Guard Tower
34:10 Scout Tower
34:16 Scout Tower
34:23 Guard Tower
34:24 Guard Tower
34:28 Guard Tower
34:30 Guard Tower
34:34 Scout Tower
34:35 Scout Tower
34:42 Scout Tower
34:42 Scout Tower
34:43 Scout Tower
34:44 Guard Tower
35:34 Guard Tower
35:34 Guard Tower
36:09 Guard Tower
36:12 Scout Tower
36:17 Scout Tower
36:18 Scout Tower
36:45 Farm
36:59 Farm
37:12 Guard Tower
37:19 Guard Tower
37:24 Scout Tower
37:33 Farm
37:55 Farm
54:34 Guard Tower
65:21 Arcane Tower
110:27 Blacksmith
112:44 Workshop
113:23 Guard Tower
113:28 Scout Tower
113:29 Scout Tower
113:30 Scout Tower
113:53 Guard Tower
114:02 Guard Tower
114:04 Guard Tower
114:18 Scout Tower
114:20 Scout Tower
114:21 Scout Tower
114:25 Scout Tower
114:26 Scout Tower
114:27 Scout Tower
114:29 Scout Tower
114:30 Scout Tower
114:30 Scout Tower
114:34 Scout Tower
114:35 Scout Tower
114:36 Scout Tower
114:37 Scout Tower
114:38 Scout Tower
114:39 Scout Tower
115:09 Guard Tower
115:28 Cannon Tower
115:29 Cannon Tower
115:31 Cannon Tower
115:42 Guard Tower
115:45 Guard Tower
115:53 Scout Tower
115:54 Scout Tower
115:54 Scout Tower
116:19 Cannon Tower
117:31 Guard Tower
120:14 Arcane Tower
135:28 Arcane Tower
» items
| Ivory Tower | 31 | |
| Potion of Healing | 8 | |
| Scroll of Regeneration | 3 | |
| Orb of Fire | 4 | |
| Potion of Mana | 8 | |
| Lesser Clarity Potion | 4 | |
| Scroll of Town Portal | 1 | |
| Staff of Teleportation | 1 | |
| Orb of Darkness | 1 | |
| Warsong Battle Drums | 1 | |
62 total
chud50 (
yellow | 4 APM | 910 actions | 209:02)
2 Archmage
1 Summon Water Elemental
1 Blizzard
2 Beastmaster
1 Summon Quilbeast
1 Summon Bear
1 Firelord
1 Soul Burn
» actions
| Assign group hotkey | 7 | |
| Basic commands | 17 | |
| Build / train | 90 | |
| Enter build submenu | 23 | |
| Enter hero's abilities submenu | 5 | |
| Remove unit from queue | 1 | |
| Right click | 163 | |
| Select / deselect | 464 | |
| Select group hotkey | 105 | |
| Use ability | 35 | |
910 total
» units
| Peasant | 11 | |
| Footman | 5 | |
| Rifleman | 9 | |
| Mortar Team | 20 | |
| Priest | 4 | |
| Knight | 15 | |
64 total
» upgrades
| Swords | 3 | |
| Lumber Harvesting | 2 | |
| Long Rifles | 1 | |
| Priest Training | 1 | |
| Animal War Training | 1 | |
| Plating | 3 | |
| Fragmentation Shards | 1 | |
| Armor | 2 | |
14 total
» buildings
| Farm | 12 | |
| Barracks | 1 | |
| Altar of Kings | 1 | |
| Lumber Mill | 1 | |
| Blacksmith | 1 | |
| Keep | 1 | |
| Workshop | 1 | |
| Arcane Sanctum | 1 | |
| Castle | 1 | |
| Scout Tower | 2 | |
| Guard Tower | 2 | |
| Town Hall | 1 | |
25 total
» build order
00:06 Farm
00:10 Barracks
00:43 Altar of Kings
00:56 Farm
01:45 Lumber Mill
02:43 Farm
03:00 Blacksmith
03:51 Keep
04:27 Farm
05:24 Farm
06:18 Farm
06:31 Workshop
07:11 Farm
08:04 Arcane Sanctum
08:46 Castle
09:44 Farm
10:29 Scout Tower
10:36 Scout Tower
12:30 Guard Tower
12:32 Guard Tower
14:02 Farm
14:45 Farm
15:27 Farm
17:04 Farm
18:15 Town Hall
kiilluh3897 (
purple | 25 APM | 655 actions | 26:29)
3 Paladin
2 Devotion Aura
1 Holy Light
1 Mountain King
1 Bash
1 Firelord
1 Summon Lava Spawn
» actions
| Assign group hotkey | 9 | |
| Build / train | 86 | |
| ESC pressed | 2 | |
| Enter build submenu | 30 | |
| Enter hero's abilities submenu | 5 | |
| Remove unit from queue | 1 | |
| Right click | 104 | |
| Select / deselect | 319 | |
| Select group hotkey | 67 | |
| Use ability | 32 | |
655 total
» units
| Peasant | 16 | |
| Footman | 15 | |
| Rifleman | 13 | |
| Priest | 6 | |
| Spell Breaker | 1 | |
| Knight | 4 | |
55 total
» upgrades
| Masonry | 3 | |
| Swords | 3 | |
| Gunpowder | 3 | |
| Plating | 1 | |
| Long Rifles | 1 | |
| Lumber Harvesting | 2 | |
13 total
» buildings
| Lumber Mill | 1 | |
| Farm | 12 | |
| Altar of Kings | 1 | |
| Barracks | 1 | |
| Blacksmith | 1 | |
| Keep | 1 | |
| Scout Tower | 6 | |
| Guard Tower | 6 | |
| Arcane Sanctum | 1 | |
| Town Hall | 1 | |
| Arcane Vault | 1 | |
| Castle | 1 | |
33 total
» build order
00:28 Lumber Mill
00:42 Farm
00:45 Altar of Kings
01:19 Barracks
01:24 Farm
02:05 Farm
02:22 Blacksmith
02:42 Farm
03:21 Farm
03:57 Farm
05:23 Keep
05:54 Scout Tower
06:30 Guard Tower
06:33 Scout Tower
07:22 Guard Tower
07:25 Scout Tower
09:09 Arcane Sanctum
09:20 Guard Tower
10:58 Town Hall
11:53 Scout Tower
12:27 Guard Tower
12:30 Scout Tower
12:45 Farm
13:01 Guard Tower
13:04 Scout Tower
13:31 Guard Tower
14:30 Arcane Vault
15:05 Farm
15:53 Castle
16:01 Farm
18:30 Farm
19:10 Farm
20:07 Farm
» items
team 2 (loser)

»
nOoB_sLaYER420 (
green | 23 APM | 4842 actions | 209:01)
6 Paladin
2 Holy Light
3 Divine Shield
1 Resurrection
5 Archmage
3 Blizzard
2 Summon Water Elemental
5 Blood Mage
3 Flame Strike
1 Siphon Mana
1 Banish
» actions
| Assign group hotkey | 105 | |
| Basic commands | 67 | |
| Build / train | 170 | |
| Enter build submenu | 94 | |
| Enter hero's abilities submenu | 16 | |
| Give item / drop item | 11 | |
| Right click | 1444 | |
| Select / deselect | 1794 | |
| Select group hotkey | 827 | |
| Use ability | 314 | |
4842 total
» units
| Peasant | 21 | |
| Footman | 9 | |
| Rifleman | 2 | |
| Mortar Team | 10 | |
| Priest | 6 | |
| Knight | 5 | |
| Gryphon Rider | 2 | |
| Goblin Zeppelin | 7 | |
| Dragonhawk Rider | 3 | |
| Goblin Sapper | 2 | |
| Goblin Shredder | 1 | |
| Siege Engine | 7 | |
75 total
» upgrades
| Lumber Harvesting | 2 | |
| Swords | 4 | |
| Long Rifles | 1 | |
| Gunpowder | 3 | |
| Masonry | 3 | |
| Fragmentation Shards | 1 | |
| Animal War Training | 1 | |
| Armor | 3 | |
| Plating | 2 | |
| Storm Hammers | 1 | |
| Magic Sentry | 1 | |
| Barrage | 1 | |
23 total
» buildings
| Altar of Kings | 1 | |
| Farm | 15 | |
| Barracks | 2 | |
| Keep | 1 | |
| Town Hall | 7 | |
| Blacksmith | 2 | |
| Lumber Mill | 3 | |
| Workshop | 3 | |
| Arcane Sanctum | 1 | |
| Castle | 1 | |
| Arcane Vault | 1 | |
| Scout Tower | 98 | |
| Cannon Tower | 4 | |
| Guard Tower | 44 | |
| Gryphon Aviary | 5 | |
188 total
» build order
00:10 Altar of Kings
00:35 Farm
00:40 Barracks
01:34 Farm
02:24 Barracks
04:13 Keep
04:20 Farm
05:31 Farm
06:08 Town Hall
06:44 Blacksmith
07:22 Farm
07:51 Farm
08:21 Lumber Mill
09:21 Workshop
10:34 Arcane Sanctum
11:32 Castle
11:45 Arcane Vault
12:09 Farm
12:47 Farm
12:51 Farm
13:39 Scout Tower
13:42 Scout Tower
13:49 Scout Tower
14:11 Farm
14:17 Farm
15:08 Cannon Tower
15:09 Guard Tower
15:11 Guard Tower
17:45 Farm
17:48 Farm
17:50 Farm
18:47 Scout Tower
18:50 Farm
18:57 Scout Tower
19:47 Guard Tower
20:11 Cannon Tower
20:31 Scout Tower
20:42 Scout Tower
20:51 Scout Tower
21:22 Blacksmith
21:34 Cannon Tower
25:38 Cannon Tower
25:40 Guard Tower
26:22 Town Hall
31:37 Workshop
31:40 Workshop
36:05 Town Hall
37:20 Lumber Mill
37:36 Town Hall
43:21 Scout Tower
43:21 Scout Tower
43:23 Scout Tower
43:23 Scout Tower
43:25 Scout Tower
43:25 Scout Tower
43:27 Scout Tower
43:28 Scout Tower
43:30 Scout Tower
43:31 Scout Tower
43:32 Scout Tower
43:34 Scout Tower
43:41 Scout Tower
43:44 Scout Tower
43:45 Scout Tower
43:47 Scout Tower
43:49 Scout Tower
44:20 Guard Tower
44:38 Gryphon Aviary
44:46 Gryphon Aviary
44:57 Guard Tower
45:13 Gryphon Aviary
45:23 Gryphon Aviary
46:02 Gryphon Aviary
48:08 Town Hall
48:18 Town Hall
52:34 Lumber Mill
67:24 Town Hall
67:32 Scout Tower
67:33 Scout Tower
67:35 Scout Tower
67:37 Scout Tower
67:39 Scout Tower
67:41 Scout Tower
67:43 Scout Tower
67:44 Scout Tower
67:45 Scout Tower
67:46 Scout Tower
67:51 Scout Tower
68:14 Guard Tower
68:16 Guard Tower
68:17 Guard Tower
68:28 Guard Tower
68:34 Scout Tower
68:37 Scout Tower
68:39 Scout Tower
68:41 Scout Tower
68:49 Guard Tower
68:59 Scout Tower
69:01 Scout Tower
69:06 Scout Tower
69:09 Guard Tower
69:23 Scout Tower
69:29 Guard Tower
69:55 Guard Tower
70:04 Scout Tower
70:07 Scout Tower
70:08 Scout Tower
70:09 Scout Tower
70:21 Scout Tower
70:45 Guard Tower
70:58 Scout Tower
71:05 Guard Tower
71:07 Guard Tower
71:18 Scout Tower
71:27 Guard Tower
71:32 Scout Tower
71:35 Scout Tower
71:37 Scout Tower
71:43 Guard Tower
71:49 Guard Tower
71:51 Guard Tower
72:07 Scout Tower
72:15 Scout Tower
73:14 Guard Tower
73:16 Guard Tower
74:44 Scout Tower
75:12 Guard Tower
75:44 Scout Tower
75:47 Scout Tower
75:50 Scout Tower
75:55 Scout Tower
76:16 Guard Tower
76:19 Guard Tower
76:27 Scout Tower
76:28 Scout Tower
76:31 Scout Tower
76:36 Scout Tower
76:41 Scout Tower
76:43 Guard Tower
76:58 Guard Tower
77:38 Guard Tower
77:44 Scout Tower
77:47 Scout Tower
77:49 Scout Tower
77:51 Scout Tower
77:58 Scout Tower
78:21 Guard Tower
78:28 Guard Tower
78:51 Scout Tower
78:52 Scout Tower
78:53 Scout Tower
78:54 Scout Tower
79:07 Scout Tower
79:28 Guard Tower
79:32 Guard Tower
79:37 Scout Tower
79:41 Scout Tower
79:48 Scout Tower
79:49 Scout Tower
79:54 Scout Tower
80:19 Guard Tower
80:24 Guard Tower
80:28 Scout Tower
80:31 Scout Tower
80:36 Scout Tower
82:06 Guard Tower
82:12 Scout Tower
82:13 Scout Tower
82:15 Scout Tower
82:34 Scout Tower
82:45 Guard Tower
82:59 Scout Tower
83:01 Scout Tower
83:06 Scout Tower
83:10 Guard Tower
83:15 Scout Tower
83:35 Guard Tower
83:40 Scout Tower
83:45 Scout Tower
83:50 Guard Tower
84:12 Guard Tower
93:08 Scout Tower
93:08 Scout Tower
93:09 Scout Tower
93:12 Scout Tower
94:43 Guard Tower
99:51 Guard Tower
99:53 Guard Tower
» items
| Orb of Fire | 1 | |
| Potion of Mana | 1 | |
| Potion of Healing | 1 | |
3 total
DianTheBiatch (
red | 35 APM | 6890 actions | 196:44)
8 Priestess of the Moon
3 Trueshot Aura
3 Searing Arrows
1 Starfall
1 Scout
7 Dark Ranger
3 Black Arrow
3 Silence
1 Charm
6 Firelord
3 Summon Lava Spawn
2 Soul Burn
1 Volcano
» actions
| Assign group hotkey | 112 | |
| Basic commands | 9 | |
| Build / train | 152 | |
| ESC pressed | 32 | |
| Enter build submenu | 49 | |
| Enter hero's abilities submenu | 21 | |
| Give item / drop item | 16 | |
| Remove unit from queue | 9 | |
| Right click | 3827 | |
| Select / deselect | 2097 | |
| Select group hotkey | 272 | |
| Use ability | 293 | |
6890 total
» units
| Wisp | 32 | |
| Huntress | 3 | |
| Dryad | 5 | |
| Goblin Shredder | 1 | |
| Goblin Sapper | 3 | |
| Druid of the Claw | 3 | |
| Chimaera | 7 | |
| Hippogryph | 5 | |
| Archer | 8 | |
| Druid of the Talon | -4 | |
63 total
» upgrades
| Strength of the Moon | 3 | |
| Moon Armor | 3 | |
| Abolish Magic | 1 | |
| Druid of the Claw Training | 2 | |
| Strength of the Wild | 3 | |
| Mark of the Claw | 1 | |
| Corrosive Breath | 1 | |
| Hippogryph Taming | 1 | |
| Improved Bows | 1 | |
| Marksmanship | 1 | |
| Reinforced Hides | 3 | |
| Druid of the Talon Training | 2 | |
| Mark of the Talon | 1 | |
| Ultravision | 1 | |
| Backpack | 1 | |
| Nature's Blessing | 1 | |
26 total
» buildings
| Altar of Elders | 1 | |
| Moon Well | 8 | |
| Hunter's Hall | 1 | |
| Ancient of War | 4 | |
| Tree of Ages | 1 | |
| Ancient of Wonders | 1 | |
| Tree of Life | 5 | |
| Tree of Eternity | 1 | |
| Ancient of Lore | 3 | |
| Ancient Protector | 11 | |
| Ancient of Wind | 5 | |
| Chimaera Roost | 3 | |
44 total
» build order
00:10 Altar of Elders
00:28 Moon Well
01:18 Moon Well
02:16 Hunter's Hall
02:21 Ancient of War
02:24 Ancient of War
02:40 Moon Well
05:06 Tree of Ages
06:04 Ancient of Wonders
06:09 Moon Well
07:03 Tree of Life
07:31 Tree of Eternity
08:26 Ancient of Lore
08:29 Ancient of Lore
11:05 Moon Well
12:04 Ancient Protector
17:29 Ancient of Lore
18:21 Moon Well
19:46 Moon Well
19:53 Ancient of Wind
20:34 Moon Well
22:39 Chimaera Roost
22:41 Chimaera Roost
26:43 Tree of Life
29:06 Ancient Protector
34:33 Tree of Life
39:47 Tree of Life
40:39 Ancient Protector
40:50 Ancient Protector
40:57 Ancient Protector
41:16 Ancient Protector
43:29 Chimaera Roost
44:01 Ancient of Wind
44:03 Ancient of Wind
44:30 Ancient of Wind
44:56 Ancient of Wind
45:51 Ancient of War
45:53 Ancient of War
54:14 Tree of Life
54:31 Ancient Protector
54:33 Ancient Protector
54:39 Ancient Protector
55:31 Ancient Protector
63:18 Ancient Protector
» items
| Scroll of Town Portal | 2 | |
| Potion of Healing | 14 | |
| Orb of Venom | 2 | |
| Scroll of Regeneration | 3 | |
| Orb of Fire | 4 | |
25 total

»
cheebye.lah (
teal | 1 APM | 46 actions | 41:46)
» actions
| Right click | 4 | |
| Select / deselect | 40 | |
| Use ability | 2 | |
46 total
Chat log
(00:16 / Allies) chud50: wtf?
(00:23 / Allies) kiilluh3897: sharing with you guys
(00:38 / Allies) chud50: K
(00:55 / Allies) kiilluh3897: just dont abuse power
(01:10 / Allies) chud50: thought you were afk
(01:14 / Allies) kiilluh3897: lmfao
(01:27 / Allies) chud50: all human.
(01:51 / Allies) chud50: units?
(03:19 / Allies) chud50: what units you both going for?
(03:35 / Allies) kiilluh3897: footies and maybe some rifles
(03:44 / Allies) chud50: mortars knights
(04:21 / Allies) kiilluh3897: LAGGERS
(11:15 / Allies) kiilluh3897: help
(11:25 / Allies) Blahsmack: ims tucjk
(11:26 / Allies) Blahsmack: omg
(11:33 / Allies) Blahsmack: stuck
(13:03 / Allies) chud50: blue, is that all you
(13:07 / Allies) chud50: re doing?
(21:40 / Allies) chud50: go?
(24:53 / All) cheebye.lah: this is so exciting
(26:00 / Allies) chud50: honestly blue. what's the deal?
(26:11 / All) cheebye.lah: U GUys suck
(26:13 / All) cheebye.lah: hard
(26:54 / All) DianTheBiatch: it was actually 3v2
(26:59 / All) DianTheBiatch: now it's even
(27:01 / All) nOoB_sLaYER420: AHAHAHHAHAHAH U GUYS BLOW
(27:05 / All) nOoB_sLaYER420: U HAVE N OIDEA
(27:08 / All) chud50: nope, look at blue. no units
(27:17 / All) chud50: 2v2
(27:18 / All) DianTheBiatch: hmm... guess so
(27:23 / All) nOoB_sLaYER420: DUDE TEAL DIDNT EVEN PLAY OR BILD N E THING
(27:34 / All) cheebye.lah: god damn it
(27:38 / All) cheebye.lah: im here
(27:43 / All) DianTheBiatch: he even 'unbuilt'
(28:00 / All) Blahsmack: you me deconstruct
(28:02 / All) Blahsmack: unbuilt?
(28:04 / All) cheebye.lah: iu still get a win
(28:04 / All) Blahsmack: lol
(28:07 / All) Blahsmack: mean
(28:17 / All) cheebye.lah: i win
(28:28 / All) cheebye.lah: u cheebye
(28:48 / All) DianTheBiatch: man i hate stupid singaporeans
(29:52 / All) cheebye.lah: cheater
(30:58 / All) DianTheBiatch: mann you guys really suck
(32:12 / All) DianTheBiatch: sneaky little bugger
(34:14 / All) chud50: blu is retard. only made towers
(34:20 / All) nOoB_sLaYER420: i noticed
(34:25 / All) chud50: lol
(34:27 / All) DianTheBiatch: what's his damage?
(34:44 / All) chud50: he has 15000 gold, 9000 lumber
(34:50 / All) Blahsmack: snitch
(34:53 / All) Blahsmack: fucking snitch
(34:59 / All) Blahsmack: no god damn honor
(35:01 / All) nOoB_sLaYER420: FUCKIN TARD
(35:01 / All) chud50: u didn't help at all
(35:12 / All) chud50: u left us fucked
(35:18 / All) Blahsmack: you know if a real war ever happend yellow youd be the first to sing sweet songs to the enmy in order to save your own skin
(35:18 / All) DianTheBiatch: well... blue... you need a good ol;' rape
(35:23 / All) Blahsmack: you fucking rat yellow
(35:30 / All) chud50: :)
(35:34 / All) DianTheBiatch: a real war is going on
(35:40 / All) DianTheBiatch: and you're at home, you pussy
(35:44 / All) DianTheBiatch: playing computer games
(35:51 / All) Blahsmack: and those dumb soilders die for nothing
(35:54 / All) chud50: LOL
(35:57 / All) Blahsmack: die for alan green span
(36:02 / All) Blahsmack: and his jew elite
(36:06 / All) Blahsmack: that rule the country
(36:11 / All) DianTheBiatch: you wanna fuck alan, don't you
(36:14 / All) DianTheBiatch: just admit it
(36:22 / All) DianTheBiatch: you have an alan greenspan fetish
(36:31 / All) Blahsmack: i wanan fuck him in the mouth witha straight razor
(36:40 / All) DianTheBiatch: your penis is not a razoe
(36:42 / All) DianTheBiatch: oops
(36:45 / All) DianTheBiatch: razor
(37:26 / All) DianTheBiatch: i wanna say 'nice try'. yellow...
(37:29 / All) DianTheBiatch: but ah...
(37:34 / All) chud50: lol
(37:49 / All) chud50: i stopped trying long ago
(38:00 / Allies) Blahsmack: gimmie your gold you fucking jew
(38:01 / All) chud50: might as well come kill me
(38:03 / Allies) Blahsmack: hand it over
(38:06 / All) nOoB_sLaYER420: o we are
(38:33 / Allies) chud50: do something useful with it
(38:41 / Allies) Blahsmack: like build more towers
(38:45 / Allies) Blahsmack: ok i plan on it
(38:47 / All) DianTheBiatch: hello there yellow
(38:51 / Allies) chud50: wow
(39:10 / All) chud50: o fuck. now i'm dead
(39:13 / All) chud50: damnit
(39:15 / All) Blahsmack: fuck
(39:17 / All) DianTheBiatch: nahhhh
(39:21 / All) Blahsmack: well i wish my towers worked
(39:23 / All) DianTheBiatch: are you sure?
(39:30 / All) DianTheBiatch: you should wish your brain worked
(39:53 / Allies) chud50: where the fuck u gonna build towers at now?
(40:02 / Allies) Blahsmack: your moms loose cunt
(40:08 / Allies) Blahsmack: right on her saggy labia
(40:13 / Allies) chud50: not loose enough
(40:40 / All) chud50: gg
(40:44 / All) DianTheBiatch: gg
(40:51 / All) nOoB_sLaYER420: GOOD FUCKIN JOB RED
(40:56 / Allies) chud50: has left the game
(40:58 / Allies) chud50: lol
(41:00 / All) chud50: LOL
(41:01 / All) DianTheBiatch: why, thank you
(41:02 / All) chud50: WHOOPS
(41:03 / All) nOoB_sLaYER420: go to war wit u anyday
(41:09 / All) DianTheBiatch: ahah
(41:20 / All) chud50: war? the real war is going on remember?
(41:28 / Allies) Blahsmack: its not real
(41:29 / All) DianTheBiatch: yeah but we like to stay alive
(41:32 / Allies) Blahsmack: its a fake war
(41:33 / All) DianTheBiatch: with all our limbs intact
(41:39 / All) nOoB_sLaYER420: agrees
(41:43 / All) Blahsmack: you see a war is when two known armies are fighting each other
(41:46 / All) nOoB_sLaYER420: so yello
(41:50 / All) nOoB_sLaYER420: where h e hidin
(41:53 / All) DianTheBiatch: oh shit he quit!
(41:57 / All) DianTheBiatch: we're fucked now!
(42:00 / All) nOoB_sLaYER420: were FUCKED
(42:38 / All) nOoB_sLaYER420: OMGH
(42:45 / All) Blahsmack: gg
(42:51 / All) DianTheBiatch: sheesh
(42:52 / All) Blahsmack: manner up please
(43:04 / Allies) chud50: lol
(43:14 / All) DianTheBiatch: we'll manner up once you get your ass outta here
(43:22 / All) chud50: lol
(43:24 / All) Blahsmack: LOL
(43:26 / All) chud50: just win
(43:28 / All) Blahsmack: famous last words
(43:41 / All) DianTheBiatch: wait. does he honestly believe he can still win?
(44:04 / All) Blahsmack: its beyond belief
(44:08 / All) Blahsmack: its known fact
(44:11 / All) Blahsmack: i can still win
(44:17 / All) chud50: go kill him if you think he can't win
(44:17 / All) DianTheBiatch: your stupidity is beyond belief
(44:19 / All) chud50: damn
(44:30 / All) Blahsmack: prove me wrong then
(44:32 / All) chud50: just prove how much you own at this computer game
(44:34 / All) Blahsmack: prove me WRONG
(44:46 / All) Blahsmack: devote your time
(44:48 / All) Blahsmack: to this game
(44:51 / All) DianTheBiatch: yes.. computer game... God i hate fucking nerds
(44:54 / All) Blahsmack: i want to see devotion
(45:06 / All) DianTheBiatch: you want to see alan's asshole... and lick it
(45:08 / All) chud50: go to war with eachother any time. LIKE NOW!
(45:44 / All) chud50: build those armies fast you 2
(46:10 / All) DianTheBiatch: your clan fucking sucks, you know that?
(46:24 / All) Blahsmack: our clans motto is relax
(46:26 / All) Blahsmack: kick back
(46:29 / All) Blahsmack: havea good time
(46:33 / All) DianTheBiatch: and be assholes
(46:40 / All) Blahsmack: and build towers
(46:55 / All) DianTheBiatch: everyone fucking hates your clan
(47:35 / All) Blahsmack: nice towers noob
(47:50 / All) DianTheBiatch: look who's talking
(48:42 / Allies) Blahsmack: tyoril the sun chaser
(48:45 / Allies) Blahsmack: chasing da sun
(50:21 / All) chud50: best game ever
(50:43 / All) DianTheBiatch: stop talking while you're being raped.
(50:48 / All) DianTheBiatch: it's rude.
(50:51 / All) Blahsmack: what rape
(50:53 / All) chud50: lol? rape?
(51:00 / All) DianTheBiatch: yep
(51:01 / All) Blahsmack: the only rape i see is reds air dying
(51:06 / All) DianTheBiatch: your clan gets raped all the time
(51:17 / All) DianTheBiatch: and i just keep coming back
(51:19 / All) Blahsmack: were not trying to be the best
(51:30 / All) DianTheBiatch: because you guys know you suck
(51:42 / All) Blahsmack: man you are a nigger
(51:50 / All) Blahsmack: i dont care if your not a negroid
(51:55 / All) Blahsmack: you are a a "NIGGER"
(52:01 / All) DianTheBiatch: you're getting raped... accept it
(52:08 / All) Blahsmack: raped by what
(52:10 / All) chud50: ok. i think u had enough time to build
(52:14 / All) DianTheBiatch: rapey rapey rape, bitch
(52:14 / All) Blahsmack: all is clear on da western front
(52:43 / All) Blahsmack: look red its ok if these towers remind you of your fathers cock
(52:46 / All) Blahsmack: but some times
(52:48 / All) Blahsmack: towers
(52:50 / All) Blahsmack: are just towers
(53:42 / All) Blahsmack: all dat for 3 towers
(53:44 / All) chud50: O SNAP
(54:01 / All) DianTheBiatch: mann... are you guys licking each others' nipples right now
(54:10 / All) Blahsmack: jealous of what you cant have
(54:24 / All) Blahsmack: dont envy our love
(54:55 / All) Blahsmack: asl?
(54:59 / All) Blahsmack: 17/f/cali
(55:07 / All) nOoB_sLaYER420: M 26 CANADA
(55:14 / All) DianTheBiatch: then come here and let me lick your nipples, blue
(55:19 / All) Blahsmack: are youa virgin i only cyber with virgins
(55:23 / All) chud50: damn, that was a pathetic attempt to kill this impressive tower armada
(55:55 / All) chud50: getting owned by a girl. O SNAP
(56:05 / All) Blahsmack: must happen alot
(56:06 / All) DianTheBiatch: as long as i get to lick her nippls
(56:29 / All) chud50: lol, just give up already
(56:45 / All) DianTheBiatch: look who's talking
(56:52 / All) chud50: yep. me
(57:00 / All) chud50: this is hilarious.
(57:11 / All) DianTheBiatch: you're still losing
(57:18 / All) DianTheBiatch: just being a bitch about it
(57:24 / All) chud50: is the game over?
(57:27 / All) chud50: LOL
(57:27 / All) Blahsmack: you clutch that gun red becuase it reminds you of your fathers cock, ja?
(57:35 / All) Blahsmack: CHO!
(57:38 / All) DianTheBiatch: what kind of loser says stuff like 'lol' anyway
(57:46 / All) chud50: LOL
(57:53 / All) Blahsmack: dude all the qute asian chicks on myspace
(57:54 / All) DianTheBiatch: hey just because your dad keeps fucking you...
(57:55 / All) Blahsmack: use lol
(58:17 / All) Blahsmack: some times red
(58:21 / All) Blahsmack: a game is just a game
(58:22 / All) chud50: shit red, your insults fucking suck
(58:23 / Allies) chud50: lol
(58:25 / All) DianTheBiatch: it's because they don't have brains, dumbass
(58:31 / All) Blahsmack: and a kiss is just a kiss
(58:33 / Allies) chud50: good. one.
(58:34 / Allies) chud50: lol
(58:36 / Allies) chud50: lol
(58:56 / Allies) chud50: what's green up to these days?
(59:04 / All) chud50: what's green up to these days?
(59:10 / All) Blahsmack: looking at guides on google
(59:12 / All) nOoB_sLaYER420: workin
(59:16 / All) nOoB_sLaYER420: smokin pot
(59:19 / All) chud50: lol
(59:19 / All) Blahsmack: "HOW DO I BEAT TEH TOWARS"
(59:23 / All) nOoB_sLaYER420: YA AND I SEE UR SPREAD
(59:30 / All) nOoB_sLaYER420: NICE ASS HOLE
(59:37 / All) Blahsmack: goatse.cx
(59:39 / All) nOoB_sLaYER420: U SHOULD CLEAN IT AFTER SEX THO
(59:44 / All) Blahsmack: I BLEACH
(59:45 / All) Blahsmack: MY ANUS
(59:51 / All) Blahsmack: SO IT DOESNT LOOK BROWN
(59:52 / All) nOoB_sLaYER420: DRYIN IT OUT THO
(60:16 / All) Blahsmack: my anus must pink and pretty like alittle bunny rabit nose
(60:22 / All) Blahsmack: must be*
(60:56 / All) Blahsmack: so i take it you guys are going 100 food air each
(62:42 / All) Blahsmack: praise to ANU
(63:07 / All) Blahsmack: praise to our lizard overlords
(64:01 / All) Blahsmack: yall are boring
(66:14 / All) Blahsmack: dude did you know that ther was an acient city called armagideon
(66:23 / All) Blahsmack: and it was on a mountain top
(66:31 / All) Blahsmack: and these roman soilder laid siege to it
(66:46 / All) Blahsmack: but the jews decided to commit suicide rather than surrender
(67:00 / All) chud50: badass
(67:02 / All) Blahsmack: so when the soilders finally broke in
(67:10 / All) Blahsmack: all they found were rotting corpses
(67:18 / All) Blahsmack: of dead women men and children
(67:29 / All) Blahsmack: thus inspiring the stories
(67:41 / All) Blahsmack: of the end times
(68:43 / All) chud50: o shit.
(68:51 / All) chud50: now you
(68:54 / All) chud50: gone
(68:55 / All) chud50: and
(68:57 / All) chud50: done
(68:59 / All) chud50: it
(69:08 / All) Blahsmack: yo puase the game
(69:13 / All) Blahsmack: i gotta take a fat dumb
(69:58 / All) chud50: no fair
(70:05 / All) chud50: play by the rules
(70:09 / All) chud50: of war
(70:13 / All) chud50: and love
(70:43 / All) Blahsmack: i lied
(70:52 / All) Blahsmack: i actaully had to take out the recyle
(71:25 / All) chud50: u guys mined all the gold on the map yet?
(71:32 / All) DianTheBiatch: i wanna tie you up and tickle you senseless.. while raping you with a spiky dildo
(71:52 / All) chud50: cause that's the real goal
(71:58 / All) DianTheBiatch: of course
(72:57 / Allies) Blahsmack: if these idiot smine iover upkeep
(73:05 / Allies) Blahsmack: they lose 4% gold to tax
(73:28 / Allies) Blahsmack: waste
(73:33 / Allies) Blahsmack: only 1k
(74:31 / All) DianTheBiatch: ahahahahah
(75:55 / All) Blahsmack: ok this aint cool
(75:59 / All) Blahsmack: i aint got no zags
(76:04 / All) Blahsmack: how am i sapposed to smoke
(76:07 / All) DianTheBiatch: you guys aren't running out of gold, are you?
(76:07 / All) nOoB_sLaYER420: i GOT whites
(76:09 / All) Blahsmack: fuckiing bullshit
(76:12 / All) Blahsmack: fuck white
(76:18 / All) Blahsmack: whitey papers
(76:45 / All) chud50: runnin out of gold? you must be smoking
(76:51 / All) DianTheBiatch: i am
(76:56 / All) DianTheBiatch: and it's so good
(77:00 / All) chud50: i give a shit
(77:08 / All) DianTheBiatch: of course you do
(77:12 / All) Blahsmack: say goodbye to all that white matter
(77:26 / All) chud50: i know. that's why i said it. fucko
(77:26 / All) Blahsmack: tetra hydro chloride
(77:28 / All) DianTheBiatch: i will after we finish ass-raping you
(77:40 / All) Blahsmack: hey you know whats dumb?
(77:48 / All) DianTheBiatch: you?
(77:50 / All) DianTheBiatch: your mom
(77:52 / All) DianTheBiatch: your dad
(77:57 / All) DianTheBiatch: your whole family
(78:02 / All) DianTheBiatch: you gotta be more specific, man
(78:29 / All) Blahsmack: the huburis behind taking drugs and not know what happens to your body when you take them
(78:38 / All) DianTheBiatch: hubris
(78:54 / All) Blahsmack: even though one might call it chemical exploration
(79:03 / All) chud50: i do
(79:07 / All) Blahsmack: i call hedonistic suicide
(79:14 / All) Blahsmack: it*
(81:42 / All) chud50: god damn, just find his town hall. all will be revealed.
(81:56 / All) chud50: its a lot simpler than it seems
(82:15 / All) chud50: you both could have won this a long time ago.
(82:24 / All) Blahsmack: oh no
(82:30 / All) Blahsmack: i planned this from the start
(82:33 / All) Blahsmack: :)
(82:40 / All) chud50: i figured
(82:42 / All) Blahsmack: much like earth
(82:46 / All) Blahsmack: all planed out
(82:49 / All) Blahsmack: from the start
(85:17 / All) Blahsmack: purple didnt expand did he?
(86:10 / Allies) chud50: wonder if they are even playing anymore. maybe they are both afk waiting for us to give up
(87:18 / All) Blahsmack: predictable
(87:53 / All) Blahsmack: oh atemmpting a landing
(88:00 / All) Blahsmack: way more costly
(89:14 / All) nOoB_sLaYER420: yelloew
(89:26 / All) chud50: yse
(89:38 / All) nOoB_sLaYER420: how much gold he have?
(89:41 / All) nOoB_sLaYER420: left?
(89:42 / All) Blahsmack: LOL
(89:47 / All) chud50: o shit tons brother
(89:48 / All) Blahsmack: best question
(90:11 / All) Blahsmack: i make donald trump look like a hobo
(90:59 / All) chud50: LOL
(91:04 / All) chud50: great fucking plan
(91:29 / All) Blahsmack: something tells me these guys dont like critical thinking
(91:39 / All) chud50: no shit.
(91:43 / All) chud50: lol
(92:22 / All) Blahsmack: you mean i could ahve just put my hereo
(92:23 / All) chud50: damn, so close
(92:25 / All) Blahsmack: up there
(92:28 / All) Blahsmack: with no towers
(92:31 / All) Blahsmack: and still win?
(92:59 / Allies) Blahsmack: talk about ownage
(93:22 / All) Blahsmack: you two noobs are free to leave'
(93:28 / All) nOoB_sLaYER420: GOT ALL NITE
(93:34 / All) chud50: loser
(93:34 / All) Blahsmack: lmao
(93:35 / All) chud50: lol
(93:39 / All) Blahsmack: fine
(93:42 / All) DianTheBiatch: look who's talking
(93:47 / All) chud50: lol
(93:50 / All) Blahsmack: if you wish to subjext yourself to a boring fucking game so be it
(94:01 / All) nOoB_sLaYER420: iM NOT BORED
(94:03 / All) DianTheBiatch: yes.. yes we do...
(94:05 / All) nOoB_sLaYER420: I GOT ROLLIES
(94:07 / All) nOoB_sLaYER420: UNLIKE U
(94:08 / All) DianTheBiatch: we're also watching porn
(94:19 / All) Blahsmack: primal stimulation
(94:22 / All) chud50: with eachother? rubbing cocks eh?
(94:36 / All) DianTheBiatch: you betcha
(96:26 / All) chud50: awww. dead bear sad.
(96:38 / All) Blahsmack: NOOO
(96:48 / All) Blahsmack: bastards
(101:21 / Allies) chud50: repair zep
(101:59 / All) chud50: lol kill bill in spanish is on
(102:09 / All) Blahsmack: HBO-L
(105:20 / All) chud50: lol, the guy with all the towers loses none. green loses 3
(108:12 / All) Blahsmack: lmao
(116:18 / All) nOoB_sLaYER420: U FUCKIN HACKER
(116:23 / All) nOoB_sLaYER420: FUCK U
(118:01 / All) nOoB_sLaYER420: FUCK U I SEEN THAT SHIT
(118:08 / All) nOoB_sLaYER420: U CHEATIN FOK
(118:12 / All) Blahsmack: what?
(118:19 / All) chud50: lol
(141:48 / All) Blahsmack: ALLL GONE
(159:09 / All) Blahsmack: lmao
(159:16 / All) Blahsmack: 2ez
(162:22 / All) nOoB_sLaYER420: GAYEST GAME EVER
(162:26 / All) Blahsmack: just like you
(162:34 / All) nOoB_sLaYER420: U WISH
(163:21 / All) Blahsmack: gj
(163:31 / All) DianTheBiatch: hey we got a life unlike you
(163:37 / All) Blahsmack: sure you do
(163:41 / All) nOoB_sLaYER420: YA UFC IS ON SOON
(163:54 / All) Blahsmack: pretty gay
(164:06 / All) Blahsmack: nothing more homosexual than 2 men fighting
(164:10 / All) chud50: just give up
(164:31 / All) chud50: blu is owning u hardcore. wait to see the stats
(164:40 / All) nOoB_sLaYER420: ill be at the bar
(164:45 / All) nOoB_sLaYER420: when hes done
(164:47 / All) Blahsmack: what bar
(164:48 / All) nOoB_sLaYER420: LOL
(164:54 / All) Blahsmack: youll be playing warcraft 3
(165:00 / All) nOoB_sLaYER420: goin to watch ufc
(165:02 / All) Blahsmack: and jerking off to your anime collection
(165:04 / All) Blahsmack: you faggot
(165:07 / All) Blahsmack: I bet youre a faggot
(165:08 / All) nOoB_sLaYER420: ahahha
(165:10 / All) nOoB_sLaYER420: later
(165:13 / All) Blahsmack: a bhuge fucking pussy faggot
(165:28 / All) Blahsmack: i bet if i choked you infront of your friends youd get all scared and bitch like
(165:38 / All) Blahsmack: and your friends would be all shocked
(165:56 / All) Blahsmack: llike damn son he just choked youa dn you didnt do shit likea bitch getting fucked in the ass
(166:03 / All) Blahsmack: thats what you both are
(166:07 / All) Blahsmack: abunhc of bitches
(167:43 / All) nOoB_sLaYER420: AWWW
(167:47 / All) nOoB_sLaYER420: U HAVE TO TP
(169:16 / All) Blahsmack: LMAO
(169:21 / All) nOoB_sLaYER420: YAH THATS RITE BITCH
(169:26 / All) nOoB_sLaYER420: SAME AS U
(169:29 / All) Blahsmack: no
(169:35 / All) Blahsmack: you did it on the noob perch
(170:29 / All) Blahsmack: its a good thing your a pot smoking moron
(170:45 / All) nOoB_sLaYER420: :)
(179:46 / All) Blahsmack: beutiful
(183:46 / All) Blahsmack: hey green why do you suck so much dick at this game
(183:50 / All) Blahsmack: its really not that hard
(184:52 / All) nOoB_sLaYER420: trust me man
(185:00 / All) nOoB_sLaYER420: u not even close to bein dun
(185:25 / All) Blahsmack: no im pretty close
(196:47 / All) Blahsmack: ahhaha
(196:53 / All) Blahsmack: only took you 2 hours
(196:55 / All) Blahsmack: to realize
(196:57 / All) Blahsmack: you lost
(198:11 / All) Blahsmack: what the fuck di you waste your gold on LOL
(198:16 / All) Blahsmack: heroes?
(203:14 / All) Blahsmack: gg faggots
(205:41 / All) nOoB_sLaYER420: took awhile
(205:48 / All) nOoB_sLaYER420: good strat i guess
(205:57 / All) nOoB_sLaYER420: never dun it b4
(206:18 / All) chud50: LOL
(206:29 / All) chud50: hidden tree
(206:33 / All) nOoB_sLaYER420: WHAT U LAFFIN @ YELLO
(206:36 / All) Blahsmack: LOL
(206:37 / All) nOoB_sLaYER420: WE OWNED U
(206:40 / All) chud50: U
(206:42 / All) chud50: HAHA
(206:43 / All) Blahsmack: took you 2 hours to lose
(206:45 / All) Blahsmack: noob
(206:46 / All) chud50: i was in on it
(206:53 / All) nOoB_sLaYER420: .................
(206:58 / All) nOoB_sLaYER420: YELLO U SUCK
(206:58 / All) chud50: LOL
(207:01 / All) nOoB_sLaYER420: BLU GJ
(207:08 / All) chud50: haha
(207:10 / All) nOoB_sLaYER420: pretty gay but
(207:13 / All) nOoB_sLaYER420: gj
(208:12 / All) nOoB_sLaYER420: gg
(208:23 / All) nOoB_sLaYER420: bet u thot that was last
(208:26 / All) nOoB_sLaYER420: AHAHAHHA
(208:40 / All) chud50: omg
(208:41 / All) chud50: gay
(208:51 / All) chud50: u are